 Dungeon Crawl Stone Soup version 0.18-a0-1171-ga8e22e7 (webtiles) character file.

236 kae the Slasher (level 5, -17/45 HPs)
             Began as a Minotaur Fighter on Jan 26, 2016.
             Demolished by an ogre
             ... wielding a +0 giant club
              (23 damage)
             ... on level 4 of the Dungeon.
             The game lasted 00:02:17 (2846 turns).

kae the Slasher (Minotaur Fighter)                  Turns: 2846, Time: 00:02:17

Health: -17/45     AC:  6    Str: 20    XL:     5   Next: 77%
Magic:  4/4        EV:  7    Int: 10    God:
Gold:   179        SH:  9    Dex: 10    Spells: 0 memorised, 4 levels left

rFire  . . .     SeeInvis .     a - +0 long sword
rCold  . . .     Gourm    .     b - +0 scale mail
rNeg   . . .     Faith    .     c - +0 shield
rPois  .         Spirit   .     (helmet restricted)
rElec  .         Dismiss  .     (no cloak)
rCorr  .         Reflect  .     (no gloves)
SustAt .         Harm     +     (no boots)
MR     .....                    i - amulet of harm
Stlth  ..........               (no ring)
                                h - +4 ring of intelligence

@: not resistant to hostile enchantments, extremely unstealthy
A: retaliatory headbutt, horns 2
a: no special abilities


You were on level 4 of the Dungeon.
You were not hungry.

You visited 1 branch of the dungeon, and saw 4 of its levels.

You collected 179 gold pieces.

Inventory:

Hand Weapons
 a - a +0 long sword (weapon)
Armour
 b - a +0 scale mail (worn)
 c - a +0 shield (worn)
Jewellery
 h - a +4 ring of intelligence (left hand)
 i - an amulet of harm (around neck)
Scrolls
 q - 3 scrolls of identify
Potions
 d - a potion of might
 e - 2 potions of lignification
 j - a potion of curing
 k - a potion of ambrosia {unknown}
 l - a potion of haste {unknown}
 m - a potion of agility {unknown}
 n - a potion of flight {unknown}
 o - 2 potions of brilliance {unknown}
 p - a potion of poison {unknown}
 r - a potion of mutation {unknown}
Comestibles
 f - 3 bread rations
 g - 3 meat rations


   Skills:
 - Level 3.6 Fighting
 + Level 7.4 Long Blades
 - Level 3.6 Armour
 - Level 3.6 Shields


You had 4 spell levels left.
You didn't know any spells.

Dungeon Overview and Level Annotations

Branches:
Dungeon (4/15)
 Temple: D:4-7

Altars:
Gozag
Pakellas
Qazlal
Zin

Shops:
D:3 *


Innate Abilities, Weirdness & Mutations

You reflexively headbutt those who attack you in melee.
You have a pair of horns on your head.


Message History

An ogre is nearby!
An ogre is nearby!
An ogre is nearby!
The ogre hits you with a giant club!!
Ouch! That really hurt!
You hit the ogre.
The ogre is moderately wounded.
The ogre hits you with a giant club!
* * * LOW HITPOINT WARNING * * *
You are too injured to fight recklessly!
You are too injured to fight recklessly!
You are too injured to fight recklessly!
You are too injured to fight recklessly!
Drink which item? (? for menu, Esc to quit)
Okay, then.
You hit the ogre.
The ogre is heavily wounded.
The ogre hits you with a giant club!!
Ouch! That really hurt!
You die...

########.#.## #....#
######### ##....###
........# ##.......#
#######.# #..........
#######.####........#.
.##..........#....###
.##.###.######..O.#
....# #.# #.#@## .####
#.# #.#.#####
.######.# #..#....#
........# #.#.###.#
#########
#.#####.#####
#...........#
#######.###.# #.# #.#
###### #.# #.#


You could see an ogre.

Vanquished Creatures
  The ghost of M4edhros the Sneak, an amateur OpAr (D:3)
  Jessica (D:2)
  4 adders
  An ooze (D:2)
  4 worms
  3 giant geckos
  14 orcs (D:3)
  5 bats
  5 giant cockroaches
  2 goblins (D:2)
  5 hobgoblins
  3 jackals
  7 kobolds
  A quokka (D:3)
  3 ball pythons
  A giant newt (D:4)
  9 rats
69 creatures vanquished.

Notes
Turn   | Place    | Note
--------------------------------------------------------------
     0 | D:1      | kae the Minotaur Fighter began the quest for the Orb.
     0 | D:1      | Reached XP level 1. HP: 19/19 MP: 0/0
    58 | D:1      | Reached XP level 2. HP: 21/26 MP: 1/1
   371 | D:1      | Reached skill level 4 in Long Blades
   501 | D:2      | Noticed Jessica
   504 | D:2      | Killed Jessica
   504 | D:2      | Reached XP level 3. HP: 10/31 MP: 2/2
   511 | D:2      | Reached skill level 5 in Long Blades
  1067 | D:2      | Reached XP level 4. HP: 39/39 MP: 3/3
  1679 | D:3      | Reached skill level 6 in Long Blades
  1861 | D:3      | Noticed M4edhros's ghost (amateur OpAr)
  1866 | D:3      | Killed M4edhros's ghost
  1866 | D:3      | Reached XP level 5. HP: 45/45 MP: 4/4
  1894 | D:3      | Found an opulent altar of Gozag.
  1897 | D:3      | Found Gozag's Platinum Reserve.
  1982 | D:3      | Reached skill level 7 in Long Blades
  2189 | D:3      | Found a glowing silver altar of Zin.
  2357 | D:3      | Found a stormy altar of Qazlal.
  2635 | D:4      | Found an oddly glowing altar of Pakellas.
  2842 | D:4      | Noticed an ogre
  2846 | D:4      | Demolished by an ogre

Vault maps used:
D:1:      evilmike_arrival_run_for_it
D:2:      serial_forest, infiniplex_forest_straight_3,
          infiniplex_forest_lined_2, infiniplex_forest_lined_2,
          infiniplex_forest_lined_3, infiniplex_forest_end_double, uniq_jessica
D:3:      nicolae_gozag_zags_fifth_avenue, zin_scriptorium, marbit_many_paths,
          minmay_misc_feat_doors
D:4:      led_sif_book, lemuel_doored_altar, gup_sewer_entry_bubbles

Action                   |  1- 3 |  4- 6 || total
-------------------------+-------+-------++-------
Melee: Long sword        |    72 |   121 ||   193
  Use: Scroll            |     3 |     2 ||     5
       Potion            |       |     1 ||     1
  Eat: Chunk             |       |     6 ||     6
